 Dungeon Crawl Stone Soup version 0.17-a0-1830-g81820eb (webtiles) character file.

24098 Gorice the Fighter (level 13, 0/93 HPs)
             Began as an Octopode Wanderer on Sept 12, 2015.
             Was a High Priest of Vehumet.
             Slain by a black mamba (11 damage)
             ... on level 5 of the Lair of Beasts on Sept 13, 2015.
             The game lasted 02:41:59 (22467 turns).

Gorice the Fighter (Octopode Wanderer)             Turns: 22467, Time: 02:41:59

Health: 0/93       AC:  3    Str:  9    XL:     13   Next: 10%
Magic:  23/27      EV: 19    Int: 24    God:    Vehumet [*****.]
Gold:   540        SH:  6    Dex: 12    Spells: 7 memorised, 10 levels left

rFire  + . .     SeeInvis .     b - +1 hunting sling (evade)
rCold  + . .     Clarity  .     r - +1 buckler
rNeg   + . .     SustAt   .     v - +2 hat
rPois  +         Gourm    .     x - amulet of regeneration
rElec  .         Spirit   .     i - +1 ring of evasion
rCorr  .         Warding  .     E - ring of positive energy
rMut   .         Stasis   .     u - ring of protection from cold
MR     .....                    Z - ring of stealth
Stlth  ++++......               K - ring of poison resistance
                                s - ring of protection from fire
                                H - ring of Emi Papp {+Fly Int+3}
                                (no ring)

@: not resistant to hostile enchantments, stealthy
A: almost no armour, amphibious, 8 rings, constrict 8, camouflage 1, gelatinous
body 1
a: Renounce Religion, Evoke Flight


You were on level 5 of the Lair of Beasts.
You worshipped Vehumet.
Vehumet was extremely pleased with you.
You were hungry.

You visited 3 branches of the dungeon, and saw 17 of its levels.
You also visited: Volcano.

You collected 795 gold pieces.
You spent 255 gold pieces at shops.

Inventory:

Hand weapons
 a - a +3 scimitar of flaming
   (You took it off an efreet in a volcano)
 b - a +1 hunting sling of evasion (weapon)
   (You took it off Joseph on level 7 of the Dungeon)
 f - a +1 hunting sling of freezing
   (You found it on level 3 of the Dungeon)
 V - a +2 dagger of venom
   (You took it off an orc wizard on level 10 of the Dungeon)
Missiles
 p - 2 sling bullets of flame (quivered)
 z - 39 poisoned needles
 A - 91 sling bullets
 D - 12 javelins
Armour
 r - a +1 buckler (worn)
 v - a +2 hat (worn)
Magical staves
 C - an uncursed staff of conjuration
Jewellery
 i - a +1 ring of evasion (left tentacle)
 s - a ring of protection from fire (on tentacle)
 u - a ring of protection from cold (on tentacle)
 x - an amulet of regeneration (around mantle)
 E - a ring of positive energy (right tentacle)
 F - an uncursed amulet of stasis
 G - an uncursed ring of teleportation
 H - the ring of Emi Papp (on tentacle) {+Fly Int+3}
   (You found it on level 3 of the Lair of Beasts)

   [ring of flight]

   It affects your intelligence (+3).
   It lets you fly.
 K - a ring of poison resistance (on tentacle)
 O - an uncursed amulet of resist mutation
 Q - an uncursed ring of fire
 Z - a ring of stealth (on tentacle)
Magical devices
 j - a wand of cold (3)
 w - a wand of slowing (35)
 I - a wand of flame (22)
 N - a wand of lightning (7)
 P - a wand of paralysis (16)
 U - a wand of fireball (5)
 W - a wand of disintegration (13)
Scrolls
 e - 7 scrolls of identify
 l - 2 scrolls of amnesia
 t - a scroll of magic mapping {!r}
 B - 2 scrolls of fog
 M - 3 scrolls of teleportation {!r}
 R - 3 scrolls of remove curse
Potions
 h - 2 potions of magic {!q}
 k - a potion of heal wounds {!q}
 m - 4 potions of might {!q}
 n - a potion of cancellation {!q}
 o - a potion of agility {!q}
 y - 7 potions of curing
 J - a potion of resistance {!q}
 S - a potion of invisibility {!q}
 T - a potion of brilliance {!q}
 X - a potion of haste {!q}
Books
 c - an Akashic Record
 L - a Fen Folio
Comestibles
 d - 16 bread rations {!e}
 g - 19 fruits
 q - 2 meat rations {!e}


   Skills:
 - Level 10.6 Fighting
 - Level 6.0 Long Blades
 - Level 1.0 Throwing
 + Level 4.3 Dodging
 - Level 2.6 Stealth
 - Level 5.0 Shields
 + Level 10.1 Spellcasting
 - Level 9.0 Conjurations
 + Level 6.2 Summonings
 - Level 5.0 Translocations
 - Level 5.0 Fire Magic
   Level 1.0 Earth Magic


You had 10 spell levels left.
You knew the following spells:

 Your Spells              Type           Power        Failure   Level  Hunger
a - Magic Dart            Conj           ####         1%          1    None
b - Searing Ray           Conj           ######       1%          2    None
c - Conjure Flame         Conj/Fire      #####...     1%          3    None
d - Iskenderun's Mystic   Conj           ######..     1%          4    #......
e - Force Lance           Conj/Tloc      #####...     1%          4    #......
s - Spellforged Servitor  Conj/Summ      #####.....   71%         7    #######
B - Summon Butterflies    Summ           #####...     1%          1    None


Dungeon Overview and Level Annotations

Branches:
Dungeon (11/15)            Temple (1/1) D:7            Lair (5/8) D:11
 Shoals (0/4) Lair:4        Snake (0/4) Lair:4          Orc (0/4) D:10

Altars:
Ashenzari
Dithmenos
Elyvilon
Fedhas
Kikubaaqudgha
Makhleb
Nemelex Xobeh
Okawaru
Qazlal
Ru
Sif Muna
Trog
Vehumet
Xom
Zin
The Shining One

Shops:
D:6 *[

Portals:
Ice
Cave: Lair:5

Annotations:
D:4 4thArraOfDagon's ghost, average TrMo


Innate Abilities, Weirdness & Mutations

You cannot wear most types of armour.
You are amphibious.
You can wear up to eight rings at the same time.
You can use your tentacles to constrict eight enemies at once.
Your skin changes colour to match your surroundings (Stealth).
Your rubbery body absorbs attacks (AC +1).


Message History

A black mamba comes into view.
The yak bellows!
The black mamba bites the fungus!
The yak gores the fungus!
You closely miss the ice beast.
The black mamba hisses angrily.
The yak bellows!
Your squeeze misses the ice beast. The ice beast hits you.
The ice beast freezes you. You resist.
Damage: 9 (max 9)
You barely miss the ice beast.
You are feeling hungry.
The ice beast closely misses you.
You barely miss the ice beast. You block the ice beast's attack.
The black mamba bites you but does no damage.
You block the black mamba's attack. The black mamba bites you!
You are poisoned.
The black mamba poisons you!
Damage: 13 (max 13)
You feel sick.
The black mamba bites you but does no damage.
The yak gores the plant!
The black mamba bites you!
Damage: 18 (max 18)
You feel sick. The black mamba closely misses you.
You feel sick.
Damage: 1 (max 18)
You feel sick. You block the black mamba's attack.
A worker ant comes into view.
You feel sick. The black mamba closely misses you.
You feel sick. The black mamba bites you!
Damage: 11 (max 18)
Casting: Searing Ray
Confirm with . or Enter, or press ? or * to list all spells.
Aiming: Force Lance
Press: ? - help, Shift-Dir - straight line, f - black mamba
Aim: a black mamba The lance of force misses the black mamba.
The black mamba bites you!!
* * * LOW HITPOINT WARNING * * *
The black mamba bites you!
* * * LOW HITPOINT WARNING * * *
Damage: 29 (max 29) Unknown command.
Drink which item? (? for menu, Esc to quit)
You feel better.
The black mamba bites you but does no damage.
Your +3 scimitar of flaming stops flaming.
You feel nimbler!
b - a +1 hunting sling of evasion (weapon)
The black mamba bites you!
You die...

**,,,**.........#,##,,,,,,,,,,*,,
*,,,***...#......#.#*,,*a,*,,*,,,
*,..P##.........#.#,##*..*,**,*,,
**#..#....#...Y..###.#.##**,***,,
*##......###..#..........,,,,,,,,
*.......$.#...Y..................
*##.......#...#Y.Y......P........
*#.........P..###SY..##PP........
*P...........###@#####**#........
,.P..........######.### *#.......
*........∩.(..####....####.......
*.........(...#.##.....##........
*.........P.((((.......#**#.....†
*........P.............####.....<
*#........PP...........#.#.......
#...............................
###....#.##...............#.....


You could see a black mamba, a yak and an ice beast.

Vanquished Creatures
  A hydra (Lair:3)
  2 hill giants (D:11)
  An ugly thing (D:11)
  A black mamba (Lair:1)
  Joseph (D:7)
  11 spiny frogs
  An efreet (Volcano)
  A gargoyle (D:10)
  2 komodo dragons
  A fire drake (Lair:3)
  A two-headed ogre (D:11)
  3 blink frogs (Lair:2)
  A wyvern (D:11)
  A spriggan (D:8)
  3 fire elementals
  3 deep elf magi
  15 yaks
  20 wolves
  7 hippogriffs
  Grum (D:8)
  2 basilisks
  A mottled dragon (D:11)
  A steam dragon (Lair:3)
  A naga (Lair:4)
  A soldier ant (D:11)
  Menkaure (D:7)
  A swamp drake (D:10)
  A hungry ghost (D:10)
  5 water moccasins
  Duvessa (D:7)
  5 porcupines
  5 ogres
  10 ice beasts
  3 sky beasts
  2 black bears
  4 orc warriors
  12 crocodiles
  8 centaurs
  2 big kobolds (D:7)
  13 giant frogs
  Dowan (D:7)
  A wyvern skeleton (D:7)
  4 killer bees
  2 electric eels
  A jelly (Temple)
  A centaur zombie (D:10)
  3 hounds
  11 orc wizards
  Crazy Yiuf (D:4)
  10 orc priests
  4 crimson imps
  Jessica (D:2)
  6 iguanas
  8 hell rats (Lair:1)
  Natasha (thrice) (D:2)
  10 worker ants
  A killer bee zombie (D:8)
  7 sheep (Lair:4)
  A hound skeleton (D:4)
  4 gnolls (D:6)
  3 worker ant zombies
  12 adders
  35 river rats
  5 shadow imps
  An ooze (D:4)
  A worm (D:4)
  9 giant geckos
  49 orcs
  A ball python (D:5)
  6 giant cockroaches
  4 goblins
  6 hobgoblins
  19 jackals
  6 quokkas
  12 bats
  A giant newt (D:1)
  22 kobolds
  A quokka zombie (D:9)
  19 rats
448 creatures vanquished.

Vanquished Creatures (others)
  An orc wizard (D:7)
  15 fungi
  4 plants
20 creatures vanquished.

Grand Total: 468 creatures vanquished

Notes
Turn   | Place    | Note
--------------------------------------------------------------
     0 | D:1      | Gorice the Octopode Wanderer began the quest for the Orb.
     0 | D:1      | Gorice set off with: a +2 falchion, 2 potions of curing, a +0 dagger, a bread ration {!e}
     0 | D:1      | Reached XP level 1. HP: 13/13 MP: 1/1
   241 | D:1      | Reached XP level 2. HP: 18/18 MP: 2/2
   558 | D:1      | Reached skill level 2 in Fighting
   743 | D:1      | Reached XP level 3. HP: 22/24 MP: 3/3
  1115 | D:2      | Found a sparkling altar of Nemelex Xobeh.
  1160 | D:2      | Noticed Natasha
  1163 | D:2      | Killed Natasha
  1163 | D:2      | Reached skill level 3 in Long Blades
  1163 | D:2      | Reached XP level 4. HP: 28/30 MP: 4/4
  1167 | D:2      | Noticed Natasha
  1233 | D:2      | Killed Natasha
  1392 | D:2      | Noticed Natasha
  1397 | D:2      | Killed Natasha
  1516 | D:2      | Found a glowing silver altar of Zin.
  1519 | D:2      | Found an iron altar of Okawaru.
  1522 | D:2      | Found a radiant altar of Vehumet.
  1613 | D:2      | Noticed Jessica
  1618 | D:2      | Killed Jessica
  1618 | D:2      | Reached skill level 3 in Fighting
  1761 | D:2      | Reached skill level 4 in Long Blades
  1761 | D:2      | Reached XP level 5. HP: 18/36 MP: 5/5
  1830 | D:2      | Became a worshipper of Vehumet
  2385 | D:4      | Found a shadowy altar of Dithmenos.
  2408 | D:4      | Noticed 4thArraOfDagon's ghost (average TrMo)
  2491 | D:4      | Noticed an ogre
  2725 | D:4      | Noticed an ogre
  2959 | D:4      | Killed an ogre
  2959 | D:4      | Acquired Vehumet's first power
  2959 | D:4      | Offered knowledge of Magic Dart by Vehumet.
  2959 | D:4      | Reached skill level 5 in Long Blades
  2959 | D:4      | Reached skill level 2 in Shields
  2959 | D:4      | Reached XP level 6. HP: 42/42 MP: 6/6
  2962 | D:4      | Learned a level 1 spell: Magic Dart
  3008 | D:3      | Found a glowing golden altar of the Shining One.
  3323 | D:4      | Noticed Crazy Yiuf
  3537 | D:5      | Entered Level 5 of the Dungeon
  3595 | D:5      | Reached skill level 1 in Conjurations
  3798 | D:5      | Found an iron altar of Okawaru.
  3865 | D:5      | Reached XP level 7. HP: 46/46 MP: 7/7
  4165 | D:5      | Found a deep blue altar of Sif Muna.
  4206 | D:5      | Found a shimmering altar of Xom.
  4283 | D:5      | Reached skill level 3 in Shields
  4283 | D:5      | Reached skill level 2 in Conjurations
  4713 | D:5      | Reached skill level 6 in Long Blades
  4969 | D:6      | Found Uvvavok's Antique Armour Shop.
  5037 | D:6      | Reached skill level 1 in Spellcasting
  5037 | D:6      | Reached skill level 3 in Conjurations
  5269 | D:6      | Reached XP level 8. HP: 52/52 MP: 8/10
  5293 | D:6      | Found Feybo's Serpentskin Sales.
  5492 | D:6      | Reached skill level 4 in Shields
  5861 | D:7      | Noticed Menkaure
  5948 | D:7      | Offered knowledge of Searing Ray by Vehumet.
  5967 | D:7      | HP: 10/52 [something/puff of flame (7)]
  5974 | D:7      | Reached skill level 4 in Conjurations
  6001 | D:6      | Learned a level 2 spell: Searing Ray
  6063 | D:7      | Found a staircase to the Ecumenical Temple.
  6080 | Temple   | Entered the Ecumenical Temple
  6106 | D:7      | Reached skill level 2 in Spellcasting
  6395 | D:7      | Noticed Duvessa
  6659 | D:7      | Noticed Dowan
  6793 | D:8      | Reached skill level 5 in Conjurations
  6931 | D:8      | Reached skill level 3 in Spellcasting
  7137 | D:8      | Reached skill level 5 in Shields
  7137 | D:8      | Reached skill level 6 in Conjurations
  7137 | D:8      | Reached XP level 9. HP: 33/57 MP: 8/14
  7148 | D:8      | Noticed Grum
  7326 | D:8      | Killed Grum
  7428 | D:8      | Reached skill level 4 in Spellcasting
  7458 | D:8      | Reached skill level 7 in Conjurations
  7578 | D:8      | Found a blossoming altar of Fedhas.
  8017 | D:9      | Noticed a seven-headed hydra
  8053 | D:9      | Offered knowledge of Conjure Flame by Vehumet.
  8085 | D:9      | Learned a level 3 spell: Conjure Flame
  8133 | D:9      | Reached skill level 4 in Fighting
  8152 | D:9      | HP: 15/58 [yak (17)]
  8157 | D:9      | HP: 24/87 [yak (2)]
  8159 | D:9      | Reached skill level 5 in Spellcasting
  8163 | D:9      | HP: 13/87 [yak (8)]
  8174 | D:9      | HP: 16/88 [yak (4)]
  8175 | D:9      | Reached skill level 3 in Fire Magic
  8470 | D:9      | Reached skill level 5 in Fighting
  8470 | D:9      | Reached XP level 10. HP: 49/66 MP: 9/18
  8473 | D:9      | Reached skill level 4 in Fire Magic
  8623 | D:8      | Acquired Vehumet's second power
  8721 | D:6      | Bought a cursed ring of poison resistance for 255 gold pieces
  8898 | D:7      | Killed Duvessa
  8898 | D:7      | Killed Dowan
  9010 | D:7      | Reached skill level 6 in Spellcasting
  9075 | D:7      | Noticed Joseph
  9173 | D:7      | Killed Menkaure
  9310 | D:7      | Killed Joseph
  9598 | D:6      | Reached skill level 6 in Fighting
  9682 | D:4      | Killed Crazy Yiuf
  9925 | D:9      | Reached skill level 5 in Fire Magic
 10030 | D:9      | Found a blossoming altar of Fedhas.
 11153 | D:10     | Entered Level 10 of the Dungeon
 11471 | D:10     | HP: 20/69 [gargoyle/stone arrow (28)]
 11634 | D:10     | Offered knowledge of Iskenderun's Mystic Blast by Vehumet.
 11657 | D:10     | Learned a level 4 spell: Iskenderun's Mystic Blast
 11765 | D:10     | Reached skill level 8 in Conjurations
 11993 | D:10     | Reached skill level 7 in Fighting
 11993 | D:10     | Reached skill level 7 in Spellcasting
 12215 | D:10     | Found a staircase to the Orcish Mines.
 12455 | D:11     | Acquired Vehumet's third power
 12478 | D:11     | Reached XP level 11. HP: 70/75 MP: 21/21
 12493 | D:11     | Noticed a cyclops
 12524 | D:11     | Found a staircase to the Lair.
 12615 | D:11     | Offered knowledge of Force Lance by Vehumet.
 12621 | D:11     | Learned a level 4 spell: Force Lance
 12670 | D:11     | Noticed a cyan ugly thing
 12714 | D:11     | Killed a cyan ugly thing
 12755 | D:11     | Noticed a hill giant
 12766 | D:11     | Killed a hill giant
 13413 | D:11     | Reached skill level 9 in Conjurations
 13813 | D:11     | Reached skill level 1 in Translocations
 13826 | D:11     | Reached skill level 8 in Fighting
 13826 | D:11     | Reached skill level 8 in Spellcasting
 13827 | D:11     | Noticed a hill giant
 14135 | D:11     | Killed a hill giant
 14135 | D:11     | Reached skill level 2 in Translocations
 14565 | Lair:1   | Entered Level 1 of the Lair of Beasts
 14831 | Lair:1   | HP: 19/78 [hell rat (17)]
 14993 | Lair:1   | Reached skill level 3 in Translocations
 15427 | Lair:1   | Learned a level 1 spell: Summon Butterflies
 15666 | Lair:1   | Reached skill level 4 in Translocations
 15827 | Lair:1   | Reached skill level 9 in Fighting
 16327 | Lair:1   | Reached XP level 12. HP: 85/85 MP: 2/24
 16496 | Lair:1   | Reached skill level 9 in Spellcasting
 16856 | Lair:1   | Offered knowledge of Spellforged Servitor by Vehumet.
 17055 | Lair:1   | Reached skill level 5 in Translocations
 17368 | Lair:2   | Reached skill level 1 in Summonings
 18100 | Lair:2   | Reached skill level 2 in Summonings
 18435 | Lair:2   | Reached skill level 10 in Fighting
 18458 | Lair:2   | Reached skill level 3 in Summonings
 18473 | Lair:2   | HP: 20/87 [wolf (12)]
 18506 | Lair:2   | HP: 19/87 [wolf (10)]
 18506 | Lair:2   | HP: 9/87 [wolf (10)]
 18809 | Lair:3   | Noticed a five-headed hydra
 18949 | Lair:3   | Found a dark tunnel.
 18957 | Lair:3   | Reached skill level 4 in Summonings
 19044 | Volcano  | Entered a volcano
 19102 | Volcano  | Upgraded the game from 0.17-a0-1805-g6093636 to 0.17-a0-1830-g81820eb
 19144 | Volcano  | HP: 23/88 [fire elemental (6)]
 19845 | Lair:3   | Reached skill level 1 in Dodging
 20101 | Lair:3   | Got a sparkling lead ring
 20102 | Lair:3   | Identified the ring of Emi Papp {+Fly Int+3} (You found it on level 3 of the Lair of Beasts)
 20115 | Lair:3   | Learned a level 7 spell: Spellforged Servitor
 20315 | Lair:3   | Killed a five-headed hydra
 20315 | Lair:3   | Reached skill level 5 in Summonings
 20736 | Lair:3   | Reached skill level 2 in Dodging
 20978 | Lair:4   | Found a staircase to the Snake Pit.
 21078 | Lair:4   | Reached skill level 3 in Dodging
 21768 | Lair:4   | Reached XP level 13. HP: 93/93 MP: 2/26
 21974 | Lair:4   | Found a staircase to the Shoals.
 22047 | Lair:4   | Reached skill level 6 in Summonings
 22055 | Lair:4   | Reached skill level 10 in Spellcasting
 22301 | Lair:5   | Reached skill level 4 in Dodging
 22347 | Lair:5   | Found a frozen archway.
 22465 | Lair:5   | HP: 14/93 [black mamba (18)]
 22465 | Lair:5   | HP: 2/93 [black mamba (12)]
 22467 | Lair:5   | Slain by a black mamba

Vault maps used:
D:1:      dpeg_arrival_sounds_slurp, minmay_door_square
D:2:      overflow_temple_1_default, grunt_temple_overflow_diamond, first_bread,
          minmay_misc_feat_doors, kennysheep_generic_room_3, uniq_natasha,
          uniq_jessica
D:3:      lemuel_upstairs_altar
D:4:      lemuel_doored_altar, uniq_crazy_yiuf_cottage
D:5:      old_standard_altar, kennysheep_mini_moat, okawaru_trees_2
D:6:      serial_shops, nicolae_shop_overgrown_old_shop, guppyfry_shop_venom
D:7:      temple_statues, serial_co_window_serial, co_window_paths_a,
          co_window_cross_1, co_window_of_opportunity_a, co_window_corner_a,
          co_window_paths_a, co_window_corner_ca, co_window_corner_cb,
          co_window_unsneaky_path_b, co_window_paths_d, co_window_4corner_a,
          glass_columns_a, glass_columns_b, uniq_joseph, uniq_duvessa,
          uniq_menkaure
D:8:      the_bakery, st_stairs_2, fedhas_altar_fruit_tree, uniq_grum
D:9:      lemuel_round_altar, kennysheep_generic_room_10
D:10:     erik_orc_1
D:11:     due_lair_maze_entry_diamond, hangedman_decor_points,
          hangedman_abyss_or_decor_stagger
Temple:   triangle_lava_temple_11
Lair:1:   lemuel_ratsnest, serial_bayou_pond_d, beast_lair_carwin_2,
          lemuel_fruit_fields, grunt_megastairs_2, infiniplex_staircase_pool_2
Lair:2:   zaba_anthole, lemuel_fruit_fields
Lair:3:   lightli_volcano_entry_magma_tube, serial_bayou_lagoon_a,
          bobbens_dragon_lair_wall, lemuel_fruit_tree
Lair:4:   elwin_shoals_entry_rooms, guppyfry_snake_entry_island
Lair:5:   portal_ice_cave_entry_ice_beasts, minmay_another_anthill,
          grunt_megastairs_4, uniq_nessos, uniq_snorg
Volcano:  volcano_overflow

Action                   |  1- 3 |  4- 6 |  7- 9 | 10-12 | 13-15 || total
-------------------------+-------+-------+-------+-------+-------++-------
Melee: Falchion          |    59 |   111 |   138 |   268 |       ||   576
       Hunting sling     |       |     1 |       |       |       ||     1
       Dagger            |       |       |       |    15 |       ||    15
       Scimitar          |       |       |       |    50 |    51 ||   101
 Fire: Hunting sling     |       |    54 |   124 |   244 |    37 ||   459
Throw: Stone             |     3 |     4 |       |       |       ||     7
       Javelin           |       |     2 |    13 |    26 |       ||    41
 Cast: Searing Ray       |       |       |    26 |   127 |     6 ||   159
       Magic Dart        |       |       |     2 |    19 |       ||    21
       Conjure Flame     |       |       |     3 |   101 |     1 ||   105
       Force Lance       |       |       |       |    53 |     5 ||    58
       Iskenderun's Myst |       |       |       |    24 |     2 ||    26
Evoke: Wand              |       |     3 |     5 |     1 |       ||     9
  Use: Scroll            |     7 |     4 |     7 |    16 |     4 ||    38
       Potion            |       |       |     5 |     2 |     1 ||     8
 Stab: Sleeping          |     8 |     9 |     3 |     7 |       ||    27
       Distracted        |     1 |       |       |       |       ||     1
  Eat: Chunk             |     1 |    10 |    15 |    45 |     2 ||    73
       Beef jerky        |       |       |     1 |     3 |       ||     4
       Pizza             |       |       |     1 |       |       ||     1
       Bread ration      |       |       |       |     1 |       ||     1
       Fruit             |       |       |       |       |     1 ||     1

Table legend:
 A = Turns spent in this place as a percentage of turns spent in the entire game.
 B = Non-inter-level travel turns spent in this place as a percentage of non-inter-level travel turns spent in the entire game.
 C = Inter-level travel turns spent in this place as a percentage of turns spent in this place.
 D = Turns resting spent in this place as a percentage of non-inter-level travel turns spent in this place.
 E = Turns spent auto-exploring this place as a percentage of non-inter-level travel turns spent in this place.
 F = Non-inter-level travel turns spent in this place divided by the number of levels of this place that you've seen.
                   A       B       C       D       E      F
               +-------+-------+-------+-------+-------+----------------------
         Total | 100.0 | 100.0 |   0.7 |   3.6 |   3.4 | 506.7
       Dungeon |  63.5 |  63.4 |   0.7 |   3.5 |   3.8 | 526.0
        Temple |   0.7 |   0.7 |   0.0 |   4.8 |   0.0 |  63.0
          Lair |  33.0 |  33.0 |   0.7 |   4.1 |   3.1 | 601.4
       Volcano |   2.9 |   2.9 |   0.0 |   0.8 |   0.0 | 264.0
               +-------+-------+-------+-------+-------+----------------------

Vault maps used:
D:1:      dpeg_arrival_sounds_slurp, minmay_door_square
D:2:      overflow_temple_1_default, grunt_temple_overflow_diamond, first_bread,
          minmay_misc_feat_doors, kennysheep_generic_room_3, uniq_natasha,
          uniq_jessica
D:3:      lemuel_upstairs_altar
D:4:      lemuel_doored_altar, uniq_crazy_yiuf_cottage
D:5:      old_standard_altar, kennysheep_mini_moat, okawaru_trees_2
D:6:      serial_shops, nicolae_shop_overgrown_old_shop, guppyfry_shop_venom
D:7:      temple_statues, serial_co_window_serial, co_window_paths_a,
          co_window_cross_1, co_window_of_opportunity_a, co_window_corner_a,
          co_window_paths_a, co_window_corner_ca, co_window_corner_cb,
          co_window_unsneaky_path_b, co_window_paths_d, co_window_4corner_a,
          glass_columns_a, glass_columns_b, uniq_joseph, uniq_duvessa,
          uniq_menkaure
D:8:      the_bakery, st_stairs_2, fedhas_altar_fruit_tree, uniq_grum
D:9:      lemuel_round_altar, kennysheep_generic_room_10
D:10:     erik_orc_1
D:11:     due_lair_maze_entry_diamond, hangedman_decor_points,
          hangedman_abyss_or_decor_stagger
Temple:   triangle_lava_temple_11
Lair:1:   lemuel_ratsnest, serial_bayou_pond_d, beast_lair_carwin_2,
          lemuel_fruit_fields, grunt_megastairs_2, infiniplex_staircase_pool_2
Lair:2:   zaba_anthole, lemuel_fruit_fields
Lair:3:   lightli_volcano_entry_magma_tube, serial_bayou_lagoon_a,
          bobbens_dragon_lair_wall, lemuel_fruit_tree
Lair:4:   elwin_shoals_entry_rooms, guppyfry_snake_entry_island
Lair:5:   portal_ice_cave_entry_ice_beasts, minmay_another_anthill,
          grunt_megastairs_4, uniq_nessos, uniq_snorg
Volcano:  volcano_overflow
